 Seeded DCSS version 0.28-a0-1567-g1695149f81 (webtiles) character file.

Game seed: 1452 (custom seed)

145 knot the Chopper (level 5, 23/41 HPs)
             Began as a Demonspawn Berserker on Jan 19, 2022.
             Was a Believer of Trog.
             Quit the game on level 2 of the Dungeon.
             The game lasted 00:02:10 (3320 turns).

knot the Chopper (Demonspawn Berserker)             Turns: 3320, Time: 00:02:10

Health: 23/41      AC:  5    Str: 17    XL:     5   Next: 6%
Magic:  5/5        EV: 11    Int: 10    God:    Trog [**....]
Gold:   108        SH:  4    Dex: 13    Spells: 4/4 levels left

rFire   . . .      SeeInvis .   k - +6 hand axe (vorpal)
rCold   . . .      Faith    .   (no shield)
rNeg    . . .      Spirit   .   g - +0 ring mail
rPois   .          Reflect  .   (helmet restricted)
rElec   .          Harm     .   (no cloak)
rCorr   .          Rampage  .   (no gloves)
Will    .....                   (no boots)
Stlth   +.........              (no amulet)
HPRegen 0.13/turn               (no ring)
MPRegen 0.09/turn               (no ring)

@: no status effects
A: antennae 2, condensation shield
a: Renounce Religion, Berserk, Trog's Hand


You were on level 2 of the Dungeon.
You worshipped Trog.
Trog was pleased with you.
You visited 1 branch of the dungeon, and saw 2 of its levels.

You collected 108 gold pieces.

Inventory:

Hand Weapons
 a - a +0 hand axe
 k - a +6 vorpal hand axe (weapon)
Missiles
 i - 47 stones
 j - 6 javelins (quivered)
 m - 5 poisoned darts
Armour
 g - a +0 ring mail (worn)
Jewellery
 l - a ring of protection from cold
Scrolls
 b - a scroll of amnesia {unknown}
 c - 3 scrolls of identify {unknown}
 f - a scroll of vulnerability {unknown}
Potions
 d - a potion of berserk rage {unknown}
 e - a potion of flight {unknown}
 h - a potion of heal wounds {unknown}


   Skills:
 - Level 3.0 Fighting
 * Level 5.0 Axes
 * Level 1.4 Throwing
 - Level 1.7 Armour
 - Level 1.7 Dodging


You had 4 spell levels left.
You didn't know any spells.
Your spell library contained the following spells:

 Spells                   Type           Power      Damage    Failure   Level
 Conjure Flame            Conj/Fire      0%         6-21      90%         3
 Ignite Poison            Fire/Tmut/Pois 0%         N/A       90%         3
 Sticky Flame             Conj/Fire      0%         2d3       100%        4


Dungeon Overview and Level Annotations

Branches:
Dungeon (2/15)

Altars:


Innate Abilities, Weirdness & Mutations

You have a pair of antennae on your head.
A meltable shield of frost defends you. (SH +4)


Message History

You open the door.
There is an open door here.
Done exploring.
No target in view!
No target in view!
No target in view!
Done exploring.
No target in view!
Done exploring.
Search for what [? for help]?
Okay, then.
Unknown command.
Level map cleared.
Unknown command.
There is an open door here.
There is an open door here.
You see here a rat skeleton.
You see here a jackal skeleton.
You see here a jackal skeleton.
You see here a +0 short sword.
You see here a +0 club.
There is an open door here.
Key pressed, stopping explore.
There is an open door here.
You see here a +0 leather armour.
There is a stone staircase leading down here.
The gnoll shouts!
A gnoll is nearby!
A gnoll is nearby!
The gnoll hits you from afar with a +1 vampiric halberd!
The gnoll hits you with a +1 vampiric halberd!
You barely miss the gnoll. The gnoll barely misses you.
You slash the gnoll!
You kill the gnoll!
Trog accepts your kill.
Your Axes skill increases to level 5!
You have reached level 5!
Your demonic ancestry asserts itself...
Frost condenses into a shield before you.
Are you sure you want to abandon this character and quit the game? (Confirm with "yes".)

*,** *,* *****,*****
*,******###.##******,*
*,,,.,,,,....,,,,,,,,*
*,,,..,,,....,********
*,,,...###...**
**,,**......#*
*,,,,,,....#
**,*****#.)#
*,######.@# *,........#
*********#######.######
##### ,,,,,,,,*
#...>...###...##
*,*****,*
#.#####.##.###.## *,*
*,* #.* #.#.## ##.#
*,*****,** #.* #...#
#.# *,*,,,,,,* #.*
#.#.## ##.# *,*,***,,*
##.#####.##.###.##


There were no monsters in sight!

Vanquished Creatures
  Terence (D:2)
  An orc wizard (D:2)
  2 gnolls
  3 adders (D:2)
  3 orcs (D:2)
  6 ball pythons
  2 bats
  6 endoplasms
  3 giant cockroaches
  2 goblins
  A hobgoblin (D:2)
  2 jackals (D:2)
  2 quokkas
  4 frilled lizards
  4 kobolds
  6 rats
48 creatures vanquished.

Vanquished Creatures (others)
  A plant (D:1)
1 creature vanquished.

Grand Total: 49 creatures vanquished

Notes
Turn   | Place    | Note
-------+----------+-------------------------------------------
     0 | D:1      | knot the Demonspawn Berserker began the quest for the Orb.
     0 | D:1      | Reached XP level 1. HP: 18/18 MP: 1/1
   228 | D:1      | Reached skill level 3 in Axes
   418 | D:1      | Gained mutation: You have a pair of small antennae on your
                  | head. [demonic ancestry]
   418 | D:1      | Reached XP level 2. HP: 24/24 MP: 2/2
   419 | D:1      | Found a faded altar of an unknown god.
  1196 | D:2      | Gained mutation: You have a pair of antennae on your head.
                  | [demonic ancestry]
  1196 | D:2      | Reached XP level 3. HP: 14/29 MP: 3/3
  1197 | D:2      | Reached skill level 4 in Axes
  1722 | D:2      | Noticed Terence
  1731 | D:2      | Killed Terence
  1732 | D:2      | Reached XP level 4. HP: 23/35 MP: 4/4
  2659 | D:2      | Reached ** piety under Trog
  2794 | D:2      | Reached skill level 1 in Throwing
  3320 | D:2      | Reached skill level 5 in Axes
  3320 | D:2      | Gained mutation: A meltable shield of frost defends you.
                  | (SH +4) [demonic ancestry]
  3320 | D:2      | Reached XP level 5. HP: 23/41 MP: 5/5
  3320 | D:2      | Quit the game

Illustrated notes

Levels and vault maps discovered:
D:1:      minmay_arrival_solitary_statue, layout_loops_ring,
          hellmonk_ecumenical_altar_crossroads, serial_bayou_pond_c,
          moated_statue
D:2:      layout_loops_corners, uniq_terence

Skill      XL: |  1  2  3  4 |
---------------+-------------+-----
Axes           | 3 4 5 |  5.0
Throwing       | 1 |  1.4
Fighting       | |  3.0
Armour         | |  1.7
Dodging        | |  1.7

Action                   |  1- 3 |  4- 6 || total
-------------------------+-------+-------++-------
Melee: Hand axe          |    79 |    47 ||   126
       Punch             |     1 |       ||     1
Invok: Berserk           |     3 |     1 ||     4
Armor: Ring mail         |    27 |    14 ||    41
       Animal skin       |     1 |       ||     1
Dodge: Dodged            |    51 |    22 ||    73

Table legend: (Time is in decaauts)
 A = Elapsed time spent in this place.
 B = Non-inter-level travel time spent in this place.
 C = Inter-level travel time spent in this place.
 D = Time resting spent in this place.
 E = Time spent auto-exploring this place.
 F = Levels seen in this place.
 G = Mean time per level.
                   A        B        C        D        E       F      G
               +--------+--------+--------+--------+--------+-----+--------+
         Total |   3371 |   3295 |     76 |   1281 |   1683 |   2 | 1685.5 |
       Dungeon |   3371 |   3295 |     76 |   1281 |   1683 |   2 | 1685.5 |
               +--------+--------+--------+--------+--------+-----+--------+

Top non-repeatable levels by time:
     D:2: 2190 daAuts
     D:1: 1180 daAuts
